AoeStats
← Rey William

Arena

509726476Analyzed
4v4 RM · 6d ago on Sep 27, 2026· 55m 42s· 8 players
Game mode
Random Map
Map size
Large (8 player)
Population
200
Speed
Normal
Resources
Standard
Victory
Conquest
Starting age
Dark Age
Ending age
Imperial Age
RankedLock teamsTeams togetherTeam positionsShared explorationLock speedFull tech treeHidden civsTurbo modeCheats
Victory
Defeat
🇹🇷 Bohemians · Türkiye
1177
+14
🇹🇷 Poles · Türkiye
1147
+15
🇹🇷 Vikings · Türkiye
1118
+16
🇹🇷 Romans · Türkiye
1105
+18
🇦🇷 Varangians · Argentina
1134
-16
🇦🇷 Saracens · Argentina
1131
-16
🇦🇷 Persians · Argentina
1128
-16
🇦🇷 Saxons · Argentina
1124
-15
Rey William
4:40 Loom
11:39 Feudal Age
17:28 Castle Age
16:14 Double-Bit Axe
16:12 Horse Collar
16:24 Stone Mining
16:35 Gold Mining
18:38 Bow Saw
18:44 Heavy Plow
20:29 Wheelbarrow
30:37 Imperial Age
29:14 Hand Cart
28:46 Town Watch
30:15 Kamandaran
30:22 Fletching
30:40 Scale Barding Armor
30:46 Forging
30:22 Crossbowman
31:45 Thumb Ring
32:06 Bloodlines
34:45 Bodkin Arrow
34:52 Padded Archer Armor
38:28 Chain Barding Armor
38:44 Iron Casting
38:25 Leather Archer Armor
38:35 Ballistics
39:15 Chemistry
38:27 Masonry
38:27 Careening
39:11 Elite War Elephant
40:28 Plate Barding Armor
Pepim14
6:24 Loom
10:46 Feudal Age
17:06 Castle Age
15:34 Double-Bit Axe
16:53 Stone Mining
19:01 Wheelbarrow
21:35 Town Watch
24:28 Gold Mining
25:40 Bow Saw
28:24 Horse Collar
29:06 Arson
29:07 Gambesons
31:14 Heavy Plow
31:43 Treadmill Crane
33:01 Hand Cart
33:24 Scale Mail Armor
34:01 Pikeman
34:53 Squires
35:46 Gold Shaft Mining
36:03 Chain Mail Armor
35:59 Forging
38:48 Iron Casting
41:07 Imperial Age
41:11 Halberdier
42:44 Plate Mail Armor
43:30 Crop Rotation
49:45 Town Patrol
49:31 Elite Varangian Guard
franb89
1:32 Loom
10:56 Feudal Age
16:16 Castle Age
17:02 Castle Age
15:40 Horse Collar
15:46 Double-Bit Axe
17:26 Gold Mining
18:47 Bloodlines
26:54 Bow Saw
28:54 Wheelbarrow
29:09 Heavy Plow
30:56 Forging
30:46 Scale Mail Armor
30:49 Squires
30:35 Arson
31:36 Gambesons
33:35 Iron Casting
33:15 Chain Mail Armor
33:13 Stone Mining
35:24 Ballistics
35:40 Hand Cart
35:29 Pikeman
41:43 Imperial Age
45:44 Imperial Age
Soaquinnn
1:24 Loom
10:54 Feudal Age
17:21 Castle Age
18:29 Double-Bit Axe
18:26 Horse Collar
26:16 Wheelbarrow
29:24 Imperial Age
28:31 Forging
28:27 Scale Barding Armor
29:16 Gold Mining
30:22 Iron Casting
30:51 Hand Cart
30:23 Town Watch
31:15 Gold Shaft Mining
34:33 Elite Mameluke
35:34 Bloodlines
35:25 Husbandry
36:52 Chain Barding Armor
37:32 Blast Furnace
40:34 Chemistry
39:55 Ballistics
Vantokk
11:35 Feudal Age
12:33 Horse Collar
12:40 Double-Bit Axe
15:19 Castle Age
16:25 Bow Saw
16:17 Heavy Plow
17:00 Wheelbarrow
21:11 Gold Mining
27:08 Imperial Age
24:54 Hand Cart
24:24 Loom
24:25 Town Watch
24:41 Stone Mining
25:02 Scale Barding Armor
25:08 Forging
25:07 Treadmill Crane
26:32 Chain Barding Armor
27:31 Stone Shaft Mining
27:28 Husbandry
27:39 Bloodlines
28:42 Crop Rotation
28:49 Iron Casting
27:46 Light Cavalry
29:36 Chemistry
28:42 Siege Engineers
29:00 Ballistics
29:31 Conscription
30:10 Winged Hussar
32:16 Blast Furnace
34:19 Lechitic Legacy
41:20 Bombard Tower
42:08 Fortified Wall
42:09 Masonry
43:43 Murder Holes
47:54 Coinage
50:32 Banking
53:17 Spies/Treason
MW.ItsyBitsy
10:46 Feudal Age
15:55 Castle Age
13:42 Double-Bit Axe
14:37 Horse Collar
17:20 Bow Saw
17:36 Fervor
20:50 Loom
24:31 Wheelbarrow
26:45 Chemistry
29:06 Imperial Age
28:20 Chemistry
28:40 Padded Archer Armor
28:40 Scale Mail Armor
28:52 Forging
28:07 Pikeman
29:34 Heavy Plow
31:30 Two-Man Saw
31:18 Halberdier
32:28 Hand Cart
32:32 Squires
33:15 Ballistics
35:09 Leather Archer Armor
35:10 Chain Mail Armor
37:06 Houfnice
39:12 Siege Engineers
40:36 Ring Archer Armor
40:26 Arson
42:36 Plate Mail Armor
42:46 Iron Casting
44:10 Conscription
44:01 Wagenburg Tactics
44:28 Crossbowman
44:31 Elite Skirmisher
45:21 Fletching
46:32 Blast Furnace
44:57 Arbalester
52:47 Spies/Treason
KALLAVİST
4:42 Loom
10:29 Feudal Age
16:26 Castle Age
14:46 Double-Bit Axe
15:00 Horse Collar
18:07 Wheelbarrow
17:46 Bow Saw
22:00 Heavy Plow
25:09 Loom
26:28 Gold Mining
26:28 Stone Mining
30:40 Imperial Age
28:29 Squires
28:56 Scale Mail Armor
29:30 Hand Cart
29:24 Man-at-Arms
30:18 Forging
30:55 Scale Barding Armor
31:44 Gold Shaft Mining
30:59 Stone Mining
30:40 Long Swordsman
32:00 Iron Casting
31:40 Chain Mail Armor
31:49 Legionary
33:31 Crop Rotation
34:27 Blast Furnace
34:31 Chemistry
34:12 Ballistas
34:34 Heavy Scorpion
36:38 Siege Engineers
42:18 Ballistics
45:58 Capped Ram
49:15 Elite Centurion
52:15 Siege Ram
Ospan Batyr
11:02 Feudal Age
14:44 Castle Age
13:01 Double-Bit Axe
13:18 Horse Collar
16:33 Heavy Plow
26:29 Loom
27:01 Bow Saw
29:59 Imperial Age
28:31 Fortified Wall
28:18 Gold Mining
29:48 Scale Mail Armor
29:58 Forging
31:27 Gold Shaft Mining
31:25 Crop Rotation
30:21 Elite Varangian Guard
31:03 Squires
30:48 Arson
31:13 Chieftains
31:31 Stone Mining
32:04 Capped Ram
32:58 Siege Engineers
33:45 Iron Casting
33:26 Chain Mail Armor
42:49 Plate Mail Armor
43:20 Blast Furnace
42:10 Fletching
41:54 Siege Ram
Connection lost

Rejoining the realm…

Still unreachable

The connection could not be restored.

Session expired

The server has moved on; the page needs a fresh start.